 Dungeon Crawl Stone Soup version 0.24-a0-368-g0e0cebd0f3 (webtiles) character file.

Game seed: 17379899798927283867

140471 emperorscorpion the Deadly Accurate (level 16, -8/204 HPs)
             Began as a Centaur Hunter on May 27, 2019.
             Was the Champion of Trog.
             Killed from afar by a shock serpent (33 damage)
             ... with a bolt of electricity
             ... on level 2 of the Snake Pit on May 28, 2019.
             The game lasted 01:28:42 (29896 turns).

emperorscorpion the Deadly Accurate (CeHu)         Turns: 29896, Time: 01:28:43

Health: -8/204     AC: 22    Str: 23    XL:     16   Next: 76%
Magic:  7/16       EV:  1    Int:  6    God:    Trog [******]
Gold:   3004       SH: 27    Dex: 14    Spells: 15/15 levels left

rFire    . . .     SeeInvis +   a - +12 war axe of Hatred {freeze, SInv}
rCold    + . .     Gourm    .   o - +10 large shield of Ignorance {rN+ Int-4}
rNeg     + . .     Faith    .   e - +4 chain mail
rPois    +         Spirit   .   q - +0 helmet
rElec    .         Reflect  .   E - +0 cloak {MR+}
rCorr    .         Harm     .   u - +0 pair of gloves
MR       ++...                  P - +0 centaur barding
Stlth    ..........             r - amulet of regeneration
HPRegen  0.84/turn              y - ring of poison resistance
MPRegen  0.15/turn              J - +2 ring of slaying

@: berserking, constricted, very quick
A: large, hooves 3, cold resistance 1, deformed body, speed 2, mutation
resistance 1, tough skin 3
a: Berserk, Trog's Hand, Brothers in Arms, Renounce Religion


You were on level 2 of the Snake Pit.
You worshipped Trog.
Trog was exalted by your worship.
You were not hungry.

You visited 6 branches of the dungeon, and saw 27 of its levels.
You also visited: Ossuary and Ice Cave.

You collected 3649 gold pieces.
You spent 645 gold pieces at shops.

Inventory:

Hand Weapons
 a - the +12 war axe of Hatred (weapon) {freeze, SInv}
   (You bought it in a shop on level 15 of the Dungeon)

   It has been specially enchanted to freeze those struck by it, causing extra
   injury to most foes and up to half again as much damage against particularly
   susceptible opponents.
   It can also slow down cold-blooded creatures.
   It lets you see invisible.
 b - a +8 morningstar of crushing
 I - the +7 war axe of Docuimes {freeze, rPois Str-2 Int+2}
   (You found it on level 11 of the Dungeon)

   It has been specially enchanted to freeze those struck by it, causing extra
   injury to most foes and up to half again as much damage against particularly
   susceptible opponents.
   It can also slow down cold-blooded creatures.
   It affects your strength (-2).
   It affects your intelligence (+2).
   It protects you from poison.
Missiles
 c - 11 javelins
 d - a throwing net
 t - 7 datura-tipped darts
 M - 44 poisoned darts
 N - 10 boomerangs of dispersal
 O - 7 curare-tipped darts
 U - 7 silver boomerangs (quivered)
 V - 8 silver javelins
 X - 16 atropa-tipped darts
Armour
 e - a +4 chain mail (worn)
 o - the +10 large shield of Ignorance (worn) {rN+ Int-4}
   (You found it on level 10 of the Dungeon)

   It affects your intelligence (-4).
   It protects you from negative energy.
 q - a +0 helmet (worn)
 u - a +0 pair of gloves (worn)
 E - a +0 cloak of magic resistance (worn)
 P - a +0 centaur barding (worn)
Jewellery
 r - an amulet of regeneration (around neck)
 y - a ring of poison resistance (left hand)
 F - a +2 ring of dexterity
 J - a +2 ring of slaying (right hand)
 W - an uncursed ring of fire
Wands
 p - a wand of acid (19)
 s - a wand of clouds (3)
 S - a wand of iceblast (6)
Scrolls
 i - 10 scrolls of identify
 j - 10 scrolls of teleportation
 w - a scroll of fear
 B - a scroll of magic mapping
 C - 12 scrolls of remove curse
 D - 3 scrolls of vulnerability
 G - 4 scrolls of blinking
 Z - 2 scrolls of fog
Potions
 h - a potion of ambrosia
 k - 9 potions of curing
 l - 5 potions of berserk rage
 n - 2 potions of lignification
 v - 7 potions of haste
 x - a potion of magic
 z - 6 potions of flight
 A - 5 potions of resistance
 H - a potion of heal wounds
 K - a potion of might
 L - 2 potions of invisibility
 Q - 3 potions of cancellation
 R - 3 potions of agility
 T - a potion of brilliance
Miscellaneous
 m - a box of beasts
Comestibles
 f - 50 rations


   Skills:
 + Level 10.9 Fighting
   Level 1.3 Short Blades
 + Level 13.5(14.3) Axes
 + Level 8.4(11.9) Maces & Flails
 + Level 17.7 Throwing
 + Level 7.2 Armour
 + Level 4.9 Dodging
 - Level 2.1 Stealth
 + Level 9.0 Shields


You had 15 spell levels left.
You didn't know any spells.
Your spell library contained the following spells:

 Spells                   Type           Power        Failure   Level  Hunger
 Freeze                   Ice            #...         100%        1    ##.....
 Magic Dart               Conj           #...         100%        1    ##.....
 Sting                    Conj/Pois      #...         100%        1    ##.....
 Searing Ray              Conj           #.....       100%        2    ###....
 Throw Frost              Conj/Ice       #.....       100%        2    ###....
 Dazzling Spray           Conj/Hex       #.....       100%        3    ####...
 Ignite Poison            Fire/Tmut/Pois #.......     100%        3    ####...
 Mephitic Cloud           Conj/Pois/Air  #.......     100%        3    ####...
 Ozocubu's Armour         Chrm/Ice       #.......     100%        3    ####...
 Force Lance              Conj/Tloc      #.......     100%        4    #####..
 Fulminant Prism          Conj/Hex       #.........   100%        4    #####..
 Iskenderun's Mystic Bla  Conj           #.......     100%        4    #####..
 Summon Ice Beast         Ice/Summ       #.......     100%        4    #####..
 Throw Icicle             Conj/Ice       #.......     100%        4    #####..
 Borgnjor's Vile Clutch   Necr/Erth      #.........   100%        5    ######.
 Lee's Rapid Deconstruct  Erth           #.........   100%        5    ######.
 Bolt of Cold             Conj/Ice       #.........   100%        6    #######
 Ozocubu's Refrigeration  Ice            #.........   100%        6    #######


Dungeon Overview and Level Annotations

Branches:
Dungeon (15/15)            Temple (1/1) D:6            Lair (6/6) D:9
  Swamp (0/4) Lair:3        Snake (2/4) Lair:4        Slime (0/5) Lair:6
    Orc (2/2) D:10            Elf (1/3) Orc:2        Vaults (0/5) D:13
 Depths (0/5) D:15

Altars:
Ashenzari
Cheibriados
Dithmenos
Elyvilon
Fedhas
Gozag
Hepliaklqana
Kikubaaqudgha
Makhleb
Nemelex Xobeh
Okawaru
Qazlal
Ru
Sif Muna
Trog
Uskayaw
Vehumet
Wu Jian
Xom
Yredelemnul
Zin
The Shining One
Beogh
Jiyva

Shops:
D:4 [   D:15 =(   Orc:2 =[*}

Annotations:
D:4 2 transporters, Borgoz's ghost, novice HOGl
D:10 1 runed translucent door, exclusion: 4 orange crystal statues
D:11 potion!


Innate Abilities, Weirdness & Mutations

You have hooves in place of feet.
Armour fits poorly on your strangely shaped body.
You cover ground very quickly.
You have extremely tough skin. (AC +3)
Your flesh is cold resistant. (rC+)
You are somewhat resistant to further mutation.


Message History

The shock serpent's electric aura discharges, shocking you!
* * * LOW HITPOINT WARNING * * *
You slash the shock serpent!
The shock serpent seems to slow down.
You freeze the shock serpent.
The shock serpent's electric aura discharges, shocking you!
* * * LOW HITPOINT WARNING * * *
You slice the naga ritualist!! You freeze the naga ritualist!
The naga ritualist spits poison at you.
The splash of poison hits you but does no damage.
You resist.
* * * LOW HITPOINT WARNING * * *
The naga ritualist constricts you.
The shock serpent shoots out a bolt of lightning at you!
The bolt of electricity hits you!!
* * * LOW HITPOINT WARNING * * *
The bolt of electricity hits the shock serpent.
The shock serpent completely resists.
The bolt of electricity hits the shock serpent.
The shock serpent completely resists.
The bolt of electricity hits you!!
You die...

###+###
##.....##
##...8...##
##.........##
#..8.S@S.8..#
#.....†.N.....#
.......8.......
...N#.....#....
.8N #.....# .8.
.. #..8..# .. .
#.....# .
#.....#


You could see a naga ritualist, 2 shock serpents and 2 nagas.

Vanquished Creatures
  Rupert (D:15)
  The ghost of Zeufunenlo the Hoplite, an adept MiBe of Trog (Snake:1)
  Gastronok (D:10)
  Kirke (Lair:5)
  A frost giant (IceCv)
  Snorg (D:13)
  Josephine (D:15)
  Harold (D:7)
  Fannar (D:13)
  2 vault guards (D:13)
  7 hydras
  A naga warrior (Snake:1)
  An anaconda (Snake:2)
  3 catoblepae (Lair:6)
  2 death knights
  22 two-headed ogres
  4 ogre magi (Orc:2)
  15 death yaks
  A tengu warrior (D:15)
  A shock serpent (Snake:1)
  2 naga sharpshooters (Snake:1)
  Nergalle (Lair:3)
  The ghost of Yorgos the Unseen, a journeyman SpSk of Dithmenos (D:11)
  7 sea snakes (Snake:1)
  5 unseen horrors
  2 naga ritualists (Snake:1)
  4 wizards
  A lindwurm (Lair:6)
  Pikel (D:5)
  A phantasmal warrior (D:14)
  A wolf spider zombie (D:15)
  An oklob plant (Lair:1)
  An orc knight (D:15)
  3 orc sorcerers
  A cyclops (D:12)
  A deep elf mage (D:15)
  4 mana vipers
  2 necromancers
  14 ugly things
  A salamander (Snake:1)
  2 manticores (Lair:6)
  Psyche (D:9)
  5 elephants (Lair:2)
  16 black mambas
  An ice statue (IceCv)
  6 centaur zombies
  7 naga magi (Snake:1)
  6 spiny frogs
  A gargoyle (D:13)
  8 komodo dragons
  2 rime drakes
  A freezing wraith (D:14)
  A queen bee (Lair:3)
  15 polar bears
  6 trolls
  A harpy skeleton (D:15)
  13 blink frogs
  11 hippogriffs
  A centaur simulacrum (D:15)
  A vampire (D:9)
  A shadow (D:15)
  72 yaks
  A spriggan (D:13)
  5 wyverns
  3 hogs (Lair:5)
  3 basilisks
  A steam dragon (D:10)
  9 wraiths
  20 humans (D:13)
  4 vampire mosquitoes (D:12)
  Menkaure (D:5)
  A soldier ant (D:11)
  2 wargs (Orc:2)
  3 nagas (Snake:1)
  18 water moccasins
  5 porcupines
  23 orc warriors
  4 sky beasts
  3 ice beasts
  33 ogres
  2 necrophages
  3 slaves (D:5)
  7 phantoms
  9 centaurs
  27 wolves
  15 crocodiles
  An elf zombie (Ossuary)
  23 bullfrogs
  A wyvern skeleton (D:8)
  7 scorpions
  36 killer bees
  14 wights
  7 electric eels
  6 crimson imps
  3 human zombies (Ossuary)
  A bullfrog zombie (D:6)
  4 hounds
  4 jellies
  11 centaur skeletons
  2 gnoll shamans
  24 orc wizards
  2 bullfrog skeletons
  24 orc priests
  Ijyb (D:5)
  3 iguanas
  7 worker ants
  6 hell rats (Lair:4)
  2 killer bee zombies
  3 big kobold zombies (Ossuary)
  2 hound skeletons
  2 mummies (Ossuary)
  A worker ant zombie (D:11)
  Robin (D:3)
  A howler monkey skeleton (D:8)
  20 adders
  16 gnolls
  3 shadow imps
  An ooze (D:4)
  2 adder zombies
  A worm zombie (D:8)
  A dart slug (D:1)
  6 leopard geckos
  100 orcs
  2 giant cockroaches (D:4)
  8 goblins
  7 hobgoblins
  20 jackals
  7 quokkas
  5 ball pythons
  7 bats
  4 frilled lizards
  3 goblin zombies (Ossuary)
  6 hobgoblin zombies (Ossuary)
  2 jackal zombies
  8 kobolds
  10 kobold zombies (Ossuary)
  2 leopard gecko skeletons
  9 orc zombies (Ossuary)
  A quokka skeleton (D:6)
  5 rats
  3 fungi
  6 plants
966 creatures vanquished.

Vanquished Creatures (others)
  A black mamba (Snake:1)
  A naga mage (Snake:1)
  3 humans (Lair:5)
  A water moccasin (Lair:5)
  A worm (D:5)
  11 fungi
  A plant (Lair:6)
19 creatures vanquished.

Grand Total: 985 creatures vanquished

Notes
Turn   | Place    | Note
-------+----------+-------------------------------------------
     0 | D:1      | emperorscorpion the Centaur Hunter began the quest for the
                  | Orb.
     0 | D:1      | Reached XP level 1. HP: 17/17 MP: 1/1
    73 | D:1      | Reached XP level 2. HP: 8/24 MP: 2/2
   560 | D:1      | Reached skill level 5 in Throwing
  1000 | D:2      | Reached XP level 3. HP: 27/29 MP: 3/3
  1496 | D:2      | Found a faded altar of an unknown god.
  1572 | D:2      | Reached skill level 1 in Short Blades
  1887 | D:3      | Reached XP level 4. HP: 36/36 MP: 4/4
  1918 | D:3      | Noticed Robin
  1947 | D:3      | Reached skill level 1 in Armour
  1959 | D:3      | Killed Robin
  2325 | D:3      | Reached skill level 1 in Stealth
  2325 | D:3      | Reached XP level 5. HP: 42/42 MP: 5/5
  2815 | D:4      | Reached skill level 6 in Throwing
  2899 | D:4      | Noticed an ogre
  2906 | D:4      | Noticed an ogre
  3076 | D:4      | Killed an ogre
  3076 | D:4      | Reached skill level 1 in Maces & Flails
  3076 | D:4      | Reached XP level 6. HP: 50/50 MP: 6/6
  3252 | D:4      | Reached skill level 7 in Throwing
  3538 | D:4      | Found Taloq's Antique Armour Emporium.
  3675 | D:4      | Noticed Borgoz's ghost (novice HOGl)
  3679 | D:4      | Found a transporter.
  3683 | D:4      | Found a transporter.
  3893 | D:4      | Reached XP level 7. HP: 52/56 MP: 7/7
  3939 | D:5      | Entered Level 5 of the Dungeon
  4261 | D:5      | Noticed Ijyb
  4270 | D:5      | Noticed Menkaure
  4275 | D:5      | Killed Ijyb
  4533 | D:5      | Killed Menkaure
  4752 | D:5      | Noticed Pikel
  4881 | D:5      | Killed Pikel
  4881 | D:5      | Reached skill level 8 in Throwing
  4881 | D:5      | Reached XP level 8. HP: 33/64 MP: 8/8
  5468 | D:5      | Found a sacrificial altar of Ru.
  5593 | D:6      | Reached skill level 9 in Throwing
  5595 | D:6      | Got a shimmering dagger
  5596 | D:6      | Identified the +5 dagger of the Toadstool {drain, rN++
                  | Stlth-} (You found it on level 6 of the Dungeon)
  5768 | D:6      | Found a staircase to the Ecumenical Temple.
  5806 | Temple   | Entered the Ecumenical Temple
  5926 | Temple   | Became a worshipper of Trog the Wrathful
  6042 | D:6      | Found an iron altar of Okawaru.
  6574 | D:6      | Reached skill level 10 in Throwing
  6574 | D:6      | Reached XP level 9. HP: 64/71 MP: 9/9
  6933 | D:7      | Reached * piety under Trog
  7694 | D:8      | Found a sand-covered staircase.
  7699 | D:8      | Found a shattered altar of Ashenzari.
  7704 | Ossuary  | Entered an ossuary
  7877 | Ossuary  | Reached ** piety under Trog
  8183 | D:8      | Reached skill level 5 in Maces & Flails
  8697 | D:7      | Noticed Harold
  8756 | D:7      | Killed Harold
  8756 | D:7      | Reached skill level 11 in Throwing
  8756 | D:7      | Reached XP level 10. HP: 80/80 MP: 10/10
  8866 | D:7      | Found an opulent altar of Gozag.
  9061 | D:8      | Found a glowing silver altar of Zin.
  9090 | D:8      | Found a white marble altar of Elyvilon.
  9107 | D:8      | Found an ancient bone altar of Kikubaaqudgha.
  9232 | D:8      | Reached *** piety under Trog
  9893 | D:8      | Reached skill level 5 in Fighting
 10033 | D:8      | Found a glowing golden altar of the Shining One.
 10255 | D:9      | Noticed a death yak
 10759 | D:9      | Reached skill level 12 in Throwing
 10826 | D:9      | Noticed a death yak
 10829 | D:9      | Noticed a death yak
 10902 | D:9      | Killed a death yak
 10902 | D:9      | Reached **** piety under Trog
 10914 | D:9      | Found a staircase to the Lair.
 10921 | D:9      | Killed a death yak
 10921 | D:9      | Reached skill level 13 in Throwing
 10921 | D:9      | Reached XP level 11. HP: 60/88 MP: 11/11
 11240 | D:9      | Killed a death yak
 11482 | D:9      | Noticed Psyche
 11493 | D:9      | Killed Psyche
 11629 | D:9      | Noticed a two-headed ogre
 11674 | D:9      | Killed a two-headed ogre
 11993 | D:9      | Reached skill level 14 in Throwing
 12536 | D:10     | Entered Level 10 of the Dungeon
 12536 | D:10     | Noticed Gastronok
 12776 | D:10     | Received a gift from Trog
 12793 | D:10     | Found a staircase to the Orcish Mines.
 12859 | D:10     | Killed Gastronok
 12927 | D:10     | Reached skill level 15 in Throwing
 13256 | D:10     | Found a runed translucent door.
 13329 | D:10     | Found the +10 large shield of Ignorance {rN+ Int-4}
 13343 | D:10     | Found a runed translucent door.
 13351 | D:10     | Noticed an orange crystal statue
 13351 | D:10     | Noticed an orange crystal statue
 13351 | D:10     | Noticed an orange crystal statue
 13351 | D:10     | Noticed an orange crystal statue
 13519 | D:11     | Received a gift from Trog
 13811 | D:11     | Noticed a two-headed ogre
 13853 | D:11     | Killed a two-headed ogre
 13922 | D:11     | Noticed a red ugly thing
 13933 | D:11     | Reached XP level 12. HP: 88/96 MP: 12/12
 13943 | D:11     | Reached skill level 1 in Shields
 14062 | D:11     | Reached ***** piety under Trog
 14314 | D:11     | Found a runed translucent gate.
 14315 | D:11     | Found a runed translucent gate.
 14315 | D:11     | Found a runed translucent gate.
 14315 | D:11     | Noticed a nine-headed hydra
 14315 | D:11     | Noticed Yorgos's ghost (journeyman SpSk)
 14383 | D:11     | Got a bloodstained war axe
 14384 | D:11     | Identified the +7 war axe of Docuimes {freeze, rPois Str-2
                  | Int+2} (You found it on level 11 of the Dungeon)
 14465 | D:11     | Killed Yorgos's ghost
 14643 | D:11     | Reached skill level 1 in Axes
 14941 | D:12     | Received a gift from Trog
 15172 | D:12     | Noticed a seven-headed hydra
 15192 | D:12     | Killed a seven-headed hydra
 15272 | D:12     | Noticed a two-headed ogre
 15278 | D:12     | Killed a two-headed ogre
 15320 | D:12     | Noticed a two-headed ogre
 15329 | D:12     | Killed a two-headed ogre
 15363 | D:12     | Identified the Collected Works on Mutagenic Battle Magic
 15374 | D:12     | Noticed Fannar
 15391 | D:12     | Noticed a two-headed ogre
 15400 | D:12     | Killed a two-headed ogre
 15448 | D:12     | Noticed a death knight
 15455 | D:12     | Found a frozen archway.
 15464 | IceCv    | Entered an ice cave
 15515 | IceCv    | Reached skill level 5 in Axes
 15865 | IceCv    | Reached XP level 13. HP: 82/104 MP: 13/13
 15930 | IceCv    | Received a gift from Trog
 16079 | IceCv    | Reached skill level 5 in Armour
 16211 | IceCv    | Gained mutation: You are somewhat resistant to further
                  | mutation. [potion of mutation]
 16211 | IceCv    | Gained mutation: Your flesh is cold resistant. (rC+)
                  | [potion of mutation]
 16583 | IceCv    | Noticed a frost giant
 16627 | IceCv    | Reached skill level 5 in Shields
 16637 | IceCv    | Killed a frost giant
 17464 | D:12     | Upgraded the game from 0.24-a0-365-ga4d96b6e6e to
                  | 0.24-a0-368-g0e0cebd0f3
 17776 | D:13     | Noticed Snorg
 17789 | D:13     | Killed Snorg
 17848 | D:13     | Killed Fannar
 18029 | D:13     | Received a gift from Trog
 18029 | D:13     | Reached skill level 16 in Throwing
 18101 | D:13     | Received a gift from Trog
 18182 | D:13     | Got a bloodstained short sword {god gift}
 18183 | D:13     | Identified the +8 short sword of Resumed Hostilities
                  | {pierce, +Fly Stlth+} (Trog gifted it to you on level 13 of
                  | the Dungeon)
 18221 | D:13     | Found a roughly hewn altar of Beogh.
 18618 | D:13     | Identified the cursed +0 chain mail of the Leaf {*Drain
                  | rF++ Dex+4 Stlth+} (You found it on level 13 of the
                  | Dungeon)
 18678 | D:13     | Identified Nocweek's Almanac of the Rocks and Ice
 18700 | D:13     | Found a gate to the Vaults.
 18709 | D:13     | Reached XP level 14. HP: 96/114 MP: 14/14
 19410 | D:14     | Received a gift from Trog
 19947 | D:15     | Entered Level 15 of the Dungeon
 19947 | D:15     | Found Vial's Jewellery Boutique.
 19972 | D:15     | Bought an uncursed amulet of regeneration for 390 gold
                  | pieces
 20221 | D:15     | Noticed Rupert
 20232 | D:15     | Killed Rupert
 20340 | D:15     | Noticed Josephine
 20360 | D:15     | Killed Josephine
 20403 | D:15     | Reached skill level 10 in Axes
 20570 | D:15     | Found Offowor's Antique Weapon Shoppe.
 20578 | D:15     | Bought a steaming war axe for 255 gold pieces
 20580 | D:15     | Identified the +12 war axe of Hatred {freeze, SInv} (You
                  | bought it in a shop on level 15 of the Dungeon)
 20764 | D:15     | Found a staircase to the Depths.
 20889 | D:15     | Received a gift from Trog
 21175 | Orc:1    | Entered Level 1 of the Orcish Mines
 21236 | Orc:1    | Received a gift from Trog
 21531 | Orc:2    | Entered Level 2 of the Orcish Mines
 21666 | Orc:2    | Found a staircase to the Elven Halls.
 21808 | Orc:2    | Received a gift from Trog
 21909 | Orc:2    | Reached XP level 15. HP: 124/124 MP: 15/15
 22022 | Orc:2    | Received a gift from Trog
 22077 | Orc:2    | Reached skill level 17 in Throwing
 22334 | Orc:2    | Found Ricauham's General Store.
 22334 | Orc:2    | Found Ihotun's Jewellery Shoppe.
 22342 | Orc:2    | Found Qayfubik's Armour Boutique.
 22342 | Orc:2    | Found Qituew's Gadget Emporium.
 22944 | Elf:1    | Entered Level 1 of the Elven Halls
 23082 | Lair:1   | Entered Level 1 of the Lair of Beasts
 24555 | Lair:3   | Found a staircase to the Swamp.
 24728 | Lair:3   | Received a gift from Trog
 25137 | Lair:3   | Noticed Nergalle
 25154 | Lair:3   | Killed Nergalle
 25425 | Lair:4   | Found a staircase to the Snake Pit.
 25534 | Lair:4   | Reached ****** piety under Trog
 25683 | Lair:4   | Got a pair of ancient boots
 25761 | Lair:4   | Reached skill level 10 in Fighting
 26441 | Lair:5   | Noticed Kirke
 26453 | Lair:5   | Killed Kirke
 26882 | Lair:5   | Received a gift from Trog
 26898 | Lair:5   | Identified the +3 hand axe of Relativism {drain, +Inv}
                  | (Trog gifted it to you on level 5 of the Lair of Beasts)
 27157 | Lair:6   | Entered Level 6 of the Lair of Beasts
 27248 | Lair:6   | Reached XP level 16. HP: 112/134 MP: 16/16
 27976 | Lair:6   | Found a viscous altar of Jiyva.
 27977 | Lair:6   | Found a staircase to the Slime Pits.
 28435 | Snake:1  | Entered Level 1 of the Snake Pit
 28549 | Snake:1  | Received a gift from Trog
 29077 | Snake:1  | Found a large runed translucent door.
 29077 | Snake:1  | Found a large runed translucent door.
 29093 | Snake:1  | Received a gift from Trog
 29808 | Snake:1  | Noticed Zeufunenlo's ghost (adept MiBe)
 29836 | Snake:1  | Killed Zeufunenlo's ghost
 29842 | Snake:1  | Identified the +3 scale mail of the Jackalope {Dex+4} (You
                  | found it on level 1 of the Snake Pit)
 29896 | Snake:2  | Killed from afar by a shock serpent

Levels and vault maps discovered:
D:1:      psy_arrival_basics, layout_loops_ring
D:2:      layout_rooms, chequers_ecumenical_altar_island
D:3:      layout_loops_ring, first_ration, uniq_robin
D:4:      minmay_chambers_of_fours, layout_cave_pools, serial_shops, shop,
          gammafunk_ghost_arena, grunt_tough_drop
D:5:      layout_basic, serial_curves, eino_curves_04, eino_curves_02,
          hex_intersection, nicolae_ru_path_of_blood, uniq_ijyb, uniq_menkaure,
          uniq_pikel
D:6:      layout_loops_ring, okawaru_gym_becter, minmay_temple_entry_waves
D:7:      layout_basic, grunt_gozag_breadcrumbs, uniq_harold
D:8:      layout_cave_pools, lemuel_round_altar, grunt_temple_overflow_open,
          enter_ossuary_3, minmay_ruined_shrine
D:9:      layout_basic, dpeg_lair_monsters, uniq_psyche
D:10:     layout_rooms, david_orc_2, minmay_crystal_room,
          chequers_guarded_unrand_ignorance, uniq_gastronok
D:11:     layout_loops_corners, gammafunk_ghost_hydra_chop, serial_glass,
          glass_columns_a, glass_columns_c, item_on_display_a, feat_on_display,
          minmay_strange_pillars, feat_on_display
D:12:     layout_cave_pools, portal_ice_cave_entry_pillars_2, uniq_fannar
D:13:     layout_roguey [special_room_orc], grunt_vaults_entry_tiered,
          the_bakery, uniq_snorg
D:14:     layout_gridville, hangedman_decor_points
D:15:     grunt_enter_depths_magical_seal, layout_stronghold, roderic_lattice_a,
          serial_shops, shop, nicolae_shop_trees, serial_column_ruins,
          column_ruins_grid_3, column_ruins_grid_1, column_ruins_grid_1,
          column_ruins_open_medium, wad_dig_loot, uniq_josephine, uniq_rupert
Temple:   eino_temple_rhombus
Lair:1:   layout_chaotic_city, chequers_serial_rivers_small_a,
          minmay_lair_oklob_chamber
Lair:2:   layout_regular_city, lemuel_fruit_tree
Lair:3:   layout_loops_ring, swamp_mist, special_room [special_room_bee],
          hibernation_bobbens, uniq_nergalle
Lair:4:   layout_cave_pods, minmay_snake_entry_six_corridors,
          infiniplex_staircase_pool_2, grunt_megastairs_2
Lair:5:   layout_loops_ring, lemuel_fruit_fields, uniq_kirke
Lair:6:   evilmike_catoblepas_cave, layout_long_grid,
          dpeg_slime_entry_enclosed_altar, chequers_serial_rivers_micro_d,
          infiniplex_staircase_pool
Snake:1:  kennysheep_six_static_rooms, layout_basic,
          ebering_ghost_disaster_area, serial_bayou_shore_b
Snake:2:  layout_layer_cave, nicolae_coiled_stairwell_up, grunt_megastairs_3
Orc:1:    layout_caves, nicolae_orc_flooded_monolith
Orc:2:    st_orc_ogre_mass, layout_diamond_mine
Elf:1:    layout_geoelf_octagon, serial_shops, nicolae_shop_crystal,
          shop_fountains, shop, shop_fountains, shop_coins,
          minmay_elf_demonology, corexii_leaking_fountain

Skill      XL: |  1  2  3  4  5  6  7  8  9 10 11 12 13 14 15 16 |
---------------+-------------------------------------------------+-----
Throwing       | 5 6 7 8 10 11 13 15 16 17 | 17.7
Short Blades   | 1 |  1.3
Armour         | 1 2 3 4 5 6 7 |  7.2
Stealth        | 1 2 |  2.1
Maces & Flails | 1 2 3 6 7 8 |  8.4
Dodging        | 2 3 4 |  4.9
Fighting       | 3 4 5 6 7 9 10 | 10.9
Shields        | 4 6 7 8 9 |  9.0
Axes           | 5 8 10 12 13 | 13.5

Action                   |  1- 3 |  4- 6 |  7- 9 | 10-12 | 13-15 | 16-18 || total
-------------------------+-------+-------+-------+-------+-------+-------++-------
Melee: Short sword       |   108 |       |       |     6 |       |       ||   114
       Kick              |    13 |    19 |    81 |   156 |   284 |    88 ||   641
       Dagger            |       |    17 |       |       |       |       ||    17
       Whip              |       |    57 |   335 |   310 |       |       ||   702
       War axe           |       |       |       |   226 |   997 |   296 ||  1519
Throw: Stone             |    61 |   152 |   248 |   280 |    16 |       ||   757
       Javelin           |     2 |     6 |    17 |    19 |       |     9 ||    53
       Boomerang         |       |       |    48 |   110 |   314 |    26 ||   498
       Dart              |       |       |     2 |    20 |     6 |       ||    28
       Throwing net      |       |       |       |     2 |       |       ||     2
Invok: Berserk           |       |       |     3 |    14 |    14 |     4 ||    35
       Trog's Hand       |       |       |       |     1 |     2 |       ||     3
  Use: Scroll            |       |     6 |     1 |     8 |    26 |     4 ||    45
       Potion            |       |       |     2 |     1 |     1 |       ||     4
 Stab: Sleeping          |       |       |     1 |       |       |       ||     1
       Distracted        |       |       |       |       |       |     2 ||     2
  Eat: Chunk             |     1 |     6 |    15 |    32 |    33 |     8 ||    95
       Ration            |       |       |       |     1 |     3 |     1 ||     5
Armor: Leather armour    |    47 |    16 |    98 |    61 |       |       ||   222
       Chain mail        |       |       |       |   150 |   364 |    78 ||   592
Dodge: Dodged            |    50 |    25 |   119 |    82 |    37 |    14 ||   327
Block: Large shield      |       |       |       |   338 |   991 |   272 ||  1601

Table legend:
 A = Non-vault XP
 B = Vault XP
 C = Vault XP percentage of total XP
 D = Non-vault monster count
 E = Vault monster count
 F = Vault count percentage of total count
                 A         B        C        D         E       F
            +---------+---------+-------+---------+---------+-------
      Total |  104878 |   95795 |  47.7 |     623 |     333 |  34.8
            +---------+---------+-------+---------+---------+-------
        D:1 |      39 |       0 |   0.0 |      18 |       0 |   0.0
        D:2 |      49 |       0 |   0.0 |      14 |       0 |   0.0
        D:3 |     126 |      36 |  22.2 |      17 |      12 |  41.4
        D:4 |     477 |      22 |   4.4 |      19 |       3 |  13.6
        D:5 |     461 |     828 |  64.2 |      27 |       3 |  10.0
        D:6 |     795 |       0 |   0.0 |      24 |       0 |   0.0
        D:7 |    1216 |    1013 |  45.4 |      32 |       1 |   3.0
        D:8 |    1651 |     231 |  12.3 |      41 |       7 |  14.6
        D:9 |    3944 |    4366 |  52.5 |      34 |      10 |  22.7
       D:10 |    1391 |    2294 |  62.3 |      20 |       8 |  28.6
       D:11 |    6404 |     807 |  11.2 |      43 |       1 |   2.3
       D:12 |    9419 |       0 |   0.0 |      50 |       0 |   0.0
       D:13 |    5359 |   11399 |  68.0 |      20 |      53 |  72.6
       D:14 |    6388 |     956 |  13.0 |      18 |       1 |   5.3
       D:15 |   14244 |    9944 |  41.1 |      35 |      17 |  32.7
     Lair:1 |    4627 |     580 |  11.1 |      13 |       1 |   7.1
     Lair:2 |    6410 |       0 |   0.0 |      23 |       0 |   0.0
     Lair:3 |    1905 |    2622 |  57.9 |      11 |      26 |  70.3
     Lair:4 |    4325 |    1765 |  29.0 |      22 |      24 |  52.2
     Lair:5 |    5178 |    2705 |  34.3 |      27 |       4 |  12.9
     Lair:6 |    8732 |   13591 |  60.9 |      31 |      23 |  42.6
    Snake:1 |   17487 |    6685 |  27.7 |      39 |       7 |  15.2
    Snake:2 |       0 |    2420 | 100.0 |       0 |       4 | 100.0
      Orc:1 |    1963 |     899 |  31.4 |      25 |       1 |   3.8
      Orc:2 |    2288 |   17653 |  88.5 |      20 |      36 |  64.3
    Ossuary |       0 |     376 | 100.0 |       0 |      39 | 100.0
      IceCv |       0 |   14603 | 100.0 |       0 |      52 | 100.0
            +---------+---------+-------+---------+---------+-------
